 Dungeon Crawl Stone Soup version 0.30-a0-161-gdd60e06945 (webtiles) character file.

Game seed: 7025259270167525279

361 qw the Chopper (level 6, -1/39 HPs)
             Began as a Gargoyle Fighter on Sept 27, 2022.
             Slain by an ogre
             ... wielding a +0 giant spiked club
              (10 damage)
             ... on level 4 of the Dungeon.
             The game lasted 00:01:08 (2536 turns).

qw the Chopper (Gargoyle Fighter)                   Turns: 2536, Time: 00:01:09

Health: -1/39      AC: 11    Str: 21    XL:     6   Next: 66%
Magic:  6/6        EV:  9    Int:  9    God:
Gold:   195        SH:  4    Dex:  9    Spells: 5/5 levels left

rFire   . . .      SeeInvis .    a - +0 broad axe
rCold   . . .      Faith    .    c - +0 buckler
rNeg    + . .      Spirit   .    b - +0 scale mail
rPois   inf        Reflect  .    (no helmet)
rElec   +          Harm     .    (no cloak)
rCorr   .          Rampage  .    (no gloves)
Will    .....                    (no boots)
Stlth   ..........               f - amulet of regeneration
HPRegen 0.93/turn                (no ring)
MPRegen 0.10/turn                (no ring)

@: no status effects
A: sickness immunity, AC +4, negative energy resistance 1, electricity
resistance, torment resistance 1, petrification resistance
a: no special abilities


You were on level 4 of the Dungeon.
You visited 1 branch of the dungeon, and saw 4 of its levels.

You collected 195 gold pieces.


Innate Abilities, Weirdness & Mutations

You are immune to sickness and miasma.
Your stone body is resilient. (AC +4)
You are immune to poison.
You resist negative energy. (rN+)
You are resistant to electric shocks. (rElec)
You are resistant to unholy torment.
You are immune to petrification.


   Skills:
 - Level 4.4 Fighting
 - Level 5.5 Axes
 - Level 1.0 Throwing
 - Level 3.2 Armour
 + Level 0.0 Dodging
 - Level 3.2 Shields


You had 5 spell levels left.
You didn't know any spells.
Your spell library was empty.

Inventory:

Hand Weapons
 a - a +0 broad axe (weapon)
 g - a +0 flail
Missiles
 n - 2 boomerangs (quivered)
Armour
 b - a +0 scale mail (worn)
 c - a +0 buckler (worn)
Jewellery
 f - an amulet of regeneration (around neck)
Scrolls
 i - a scroll of identify
Potions
 d - 3 potions of might
 e - 2 potions of curing
 h - a potion of mutation

Dungeon Overview and Level Annotations

Branches:
Dungeon (4/15)
 Temple: D:4-7

Altars:
Makhleb


Message History

You miss the water moccasin.
The water moccasin is heavily wounded.
The water moccasin bites you but does no damage. x2
You slash the water moccasin!
You kill the water moccasin!
Your Fighting skill increases to level 4!
Found a stone staircase leading down.
You hear the slow rusting of a distant drain.
j - a javelin An ogre comes into view. It is wielding a +0 giant spiked club.
The ogre shouts!
You see here a javelin.
Throw: javelin
Press: ? - help, Q - select action, (/) - cycle Shift-Dir - straight line, f - ogre You throw a javelin.
The javelin pierces through the ogre.
The ogre is lightly wounded.
Throw: 2 boomerangs
Press: ? - help, Q - select action Shift-Dir - straight line, f/p - ogre You throw a boomerang.
The boomerang closely misses the ogre.
Throw: 2 boomerangs
Press: ? - help, Q - select action Shift-Dir - straight line, f/p - ogre You throw a boomerang.
The boomerang hits the ogre.
The ogre is moderately wounded.
You hit the ogre but do no damage.
The ogre is moderately wounded.
A hound comes into view.
The ogre hits you but does no damage.
2534 ||| Stepping ~*~*~tactically~*~*~ (stealth).
The ogre attacks as you move away!
The ogre hits you with a +0 giant spiked club!!
You hear a bark!
You hear an angry hiss.
You barely miss the ogre.
The ogre is moderately wounded.
The ogre hits you with a +0 giant spiked club!
You slash the ogre!
The ogre is severely wounded.
You closely miss the hound. The hound barely misses you. The hound misses you.
The ogre hits you with a +0 giant spiked club!
You die...

#.+...................
#.#######.#######.#.##
..#....#.#... #.#.#
#........#.## #.#.#
###.##......# #.#.##
#........#..# #...
#.#......#..... #...
#.#............. #.##
#<.h@..#.####... #...
#.#(O....... ... ####
............>###
#.##### ..#.#....###.#
#...... .. ##.#.# .#
......# . #.#.# ..
...... #.#.# # .....
#.#.# ..... (.#.# ....


You could see an ogre and a hound.

Vanquished Creatures
  A water moccasin (D:4)
  An ogre (D:4)
  7 gnolls
  2 worms (D:2)
  3 dart slugs
  3 orcs
  4 endoplasms
  16 goblins
  11 hobgoblins
  6 jackals
  2 quokkas (D:2)
  5 ball pythons
  5 bats
  3 frilled lizards (D:2)
  11 kobolds
  5 rats
85 creatures vanquished.

Vanquished Creatures (others)
  9 plants
9 creatures vanquished.

Grand Total: 94 creatures vanquished

Notes
Turn   | Place    | Note
-------+----------+-------------------------------------------
     0 | D:1      | qw the Gargoyle Fighter began the quest for the Orb.
     0 | D:1      | Reached XP level 1. HP: 14/14 MP: 1/1
     0 | D:1      | 0 ||| qw: Version: 0.2-a-10-g37ed214
     0 | D:1      | 0 ||| qw: Game counter: 712
     0 | D:1      | 0 ||| qw: Always use a shield: true
     0 | D:1      | 0 ||| qw: God list: Okawaru
     0 | D:1      | 0 ||| qw: Allow faded altars: false
     0 | D:1      | 0 ||| qw: Do Orc after D:15 true
     0 | D:1      | 0 ||| qw: Do second Lair branch before Depths: true
     0 | D:1      | 0 ||| qw: Lair rune preference: random
     0 | D:1      | 0 ||| qw: Plans: Normal, Zot:1-4, God:TSO, Crypt, Tomb,
                  | Pan, Slime:5, Hells, Abyss, Orb
     0 | D:1      | 0 ||| PLANNING D:1-11
    68 | D:1      | Found a faded altar of an unknown god.
    70 | D:1      | Reached skill level 2 in Axes
   190 | D:1      | 190 ||| Stepping ~*~*~tactically~*~*~ (stealth).
   197 | D:1      | Reached XP level 2. HP: 16/19 MP: 2/2
   211 | D:1      | Reached skill level 3 in Axes
   456 | D:1      | 456 ||| Stepping ~*~*~tactically~*~*~ (stealth).
   460 | D:1      | 460 ||| Stepping ~*~*~tactically~*~*~ (stealth).
   461 | D:1      | 461 ||| Stepping ~*~*~tactically~*~*~ (stealth).
   465 | D:1      | 465 ||| Stepping ~*~*~tactically~*~*~ (stealth).
   467 | D:1      | Reached XP level 3. HP: 23/23 MP: 3/3
   468 | D:1      | 468 ||| Stepping ~*~*~tactically~*~*~ (stealth).
   475 | D:1      | 475 ||| DROPPING +0 club.
   714 | D:1      | 714 ||| Stepping ~*~*~tactically~*~*~ (hiding).
   989 | D:1      | 989 ||| UPGRADING to amulet of regeneration.
   994 | D:1      | 994 ||| READING scroll labelled UNUXOU USAIMI.
   995 | D:1      | 995 ||| READING 4 scrolls labelled ZUGI ONKANLEIM.
   996 | D:1      | 996 ||| READING scroll labelled PIUTYWNEHU.
   997 | D:1      | 997 ||| DRINKING 3 glowing clear potions.
   998 | D:1      | 998 ||| READING 3 scrolls of identify.
   998 | D:1      | 998 ||| IDENTIFYING viscous black potion
   999 | D:1      | 999 ||| READING 2 scrolls of identify.
   999 | D:1      | 999 ||| IDENTIFYING metallic orange potion
  1054 | D:2      | 1054 ||| Stepping ~*~*~tactically~*~*~ (hiding).
  1056 | D:2      | 1056 ||| Stepping ~*~*~tactically~*~*~ (hiding).
  1385 | D:2      | 1385 ||| Stepping ~*~*~tactically~*~*~ (hiding).
  1386 | D:2      | 1386 ||| Stepping ~*~*~tactically~*~*~ (hiding).
  1394 | D:2      | Reached XP level 4. HP: 27/28 MP: 4/4
  1506 | D:2      | 1506 ||| Stepping ~*~*~tactically~*~*~ (stealth).
  1515 | D:2      | 1515 ||| Stepping ~*~*~tactically~*~*~ (stealth).
  1520 | D:2      | 1520 ||| Stepping ~*~*~tactically~*~*~ (stealth).
  1534 | D:2      | 1534 ||| Stepping ~*~*~tactically~*~*~ (stealth).
  1607 | D:2      | Reached skill level 4 in Axes
  1793 | D:2      | 1793 ||| DROPPING +6 ring of intelligence.
  1794 | D:2      | 1794 ||| READING scroll labelled TILESUOBET.
  1895 | D:2      | 1895 ||| READING scroll labelled QEAHYOJEHE.
  1898 | D:2      | 1898 ||| READING 2 scrolls of identify.
  1898 | D:2      | 1898 ||| IDENTIFYING fizzy black potion
  1899 | D:2      | 1899 ||| DROPPING potion of magic.
  1975 | D:3      | 1975 ||| SWAPPING to +0 broad axe.
  1976 | D:3      | 1976 ||| DROPPING +1 war axe.
  1997 | D:3      | 1997 ||| Stepping ~*~*~tactically~*~*~ (stealth).
  2012 | D:3      | 2012 ||| Stepping ~*~*~tactically~*~*~ (stealth).
  2056 | D:3      | HP: 7/28 [gnoll/+0 spear (1)]
  2057 | D:3      | 2057 ||| DRINKING potion of heal wounds.
  2062 | D:3      | Reached XP level 5. HP: 7/32 MP: 5/5
  2090 | D:3      | 2090 ||| DROPPING +0 whip.
  2113 | D:3      | 2113 ||| Stepping ~*~*~tactically~*~*~ (stealth).
  2150 | D:3      | 2150 ||| Stepping ~*~*~tactically~*~*~ (stealth).
  2151 | D:3      | 2151 ||| Stepping ~*~*~tactically~*~*~ (stealth).
  2157 | D:3      | 2157 ||| FLEEEEING.
  2158 | D:3      | 2158 ||| Stepping ~*~*~tactically~*~*~ (hiding).
  2159 | D:3      | 2159 ||| FLEEEEING.
  2160 | D:3      | 2160 ||| Stepping ~*~*~tactically~*~*~ (hiding).
  2163 | D:3      | 2163 ||| FLEEEEING.
  2164 | D:3      | 2164 ||| FLEEEEING.
  2165 | D:3      | 2165 ||| FLEEEEING.
  2166 | D:3      | 2166 ||| FLEEEEING.
  2167 | D:3      | 2167 ||| FLEEEEING.
  2168 | D:3      | 2168 ||| FLEEEEING.
  2169 | D:3      | 2169 ||| FLEEEEING.
  2170 | D:3      | 2170 ||| FLEEEEING.
  2171 | D:3      | 2171 ||| FLEEEEING.
  2172 | D:3      | 2172 ||| FLEEEEING.
  2174 | D:3      | 2174 ||| FLEEEEING.
  2175 | D:3      | 2175 ||| FLEEEEING.
  2176 | D:3      | 2176 ||| FLEEEEING.
  2181 | D:3      | Reached skill level 1 in Throwing
  2393 | D:3      | Found a burning altar of Makhleb.
  2393 | D:3      | Noticed a balrug
  2396 | D:3      | Noticed a neqoxec
  2396 | D:3      | Noticed a smoke demon
  2411 | D:3      | 2411 ||| READING 2 scrolls of identify.
  2411 | D:3      | 2411 ||| IDENTIFYING white potion
  2412 | D:3      | 2412 ||| DROPPING potion of invisibility.
  2430 | D:4      | 2430 ||| PLANNING SEWER
  2450 | D:4      | Noticed an ogre
  2454 | D:4      | HP: 4/32 [ogre/+0 giant spiked club (28)]
  2457 | D:4      | Killed an ogre
  2458 | D:4      | Reached skill level 5 in Axes
  2458 | D:4      | Reached XP level 6. HP: 9/37 MP: 6/6
  2511 | D:4      | Noticed a water moccasin
  2519 | D:4      | Killed a water moccasin
  2534 | D:4      | 2534 ||| Stepping ~*~*~tactically~*~*~ (stealth).
  2535 | D:4      | HP: 7/39 [ogre/+0 giant spiked club (15)]
  2536 | D:4      | Slain by an ogre

Levels and vault maps discovered:
D:1:      psy_arrival_fountain, layout_basic,
          dreamdust_ecumenical_altar_hidden_monk_grotto, minmay_hexomino_c4
D:2:      cheibrodos_greedy_goblins, layout_basic, lexackson_kobold_supper
D:3:      layout_rooms, makhleb_altar_promises_db
D:4:      layout_basic, mainiacjoe_overflow_six_doors_small,
          portal_sewer_entry_f, nicolae_figureground_sparkle

Skill      XL: |  1  2  3  4  5  6 |
---------------+-------------------+-----
Axes           | 2 3 4 5 |  5.5
Throwing       | 1 |  1.0
Fighting       | 4 |  4.4
Armour         | |  3.2
Shields        | |  3.2

Action                   |  1- 3 |  4- 6 || total
-------------------------+-------+-------++-------
Melee: War axe           |    94 |    59 ||   153
       Broad axe         |       |    50 ||    50
Throw: Boomerang         |       |    13 ||    13
       Javelin           |       |    10 ||    10
  Use: Scroll            |     5 |     4 ||     9
       Potion            |     1 |     1 ||     2
Armor: Scale mail        |    52 |   100 ||   152
Dodge: Dodged            |    48 |    51 ||    99
Block: Buckler           |    18 |    27 ||    45

Table legend:
 A = Non-vault XP
 B = Vault XP
 C = Vault XP percentage of total XP
 D = Non-vault monster count
 E = Vault monster count
 F = Vault count percentage of total count
                 A         B        C        D         E       F
            +---------+---------+-------+---------+---------+-------
      Total |     475 |      41 |   7.9 |      60 |      25 |  29.4
            +---------+---------+-------+---------+---------+-------
        D:1 |      39 |       8 |  17.0 |      14 |       5 |  26.3
        D:2 |      43 |      33 |  43.4 |      19 |      20 |  51.3
        D:3 |     123 |       0 |   0.0 |      25 |       0 |   0.0
        D:4 |     270 |       0 |   0.0 |       2 |       0 |   0.0
            +---------+---------+-------+---------+---------+-------
